 Dungeon Crawl Stone Soup version 0.19-a0-1041-g82b1012 (webtiles) character file.

66034 seren the Black Belt (level 14, -1/125 HPs)
             Began as a Green Draconian Transmuter on July 29, 2016.
             Was the Champion of Makhleb.
             Slain by an anaconda (7 damage)
             ... on level 1 of the Snake Pit on July 30, 2016.
             The game lasted 03:36:31 (40452 turns).

seren the Black Belt (Green Draconian Transmuter)  Turns: 40452, Time: 03:36:31

Health: -1/125     AC: 13    Str: 15    XL:     14   Next: 77%
Magic:  24/24      EV: 16    Int: 17    God:    Makhleb [******]
Gold:   1742       SH:  6    Dex: 15    Spells: 6 memorised, 14 levels left

rFire  . . .     SeeInvis .       - Unarmed
rCold  . . .     Gourm    .     (armour unavailable)
rNeg   . . .     Faith    .     i - +1 buckler
rPois  +         Spirit   .     (helmet restricted)
rElec  .         Dismiss  .     d - +1 cloak
rCorr  .         Reflect  .     (no gloves)
SustAt .         Harm     .     j - +2 pair of boots
MR     ++...                    A - amulet of magic regeneration
Stlth  +.........               h - +4 ring of intelligence
                                m - ring of protection from magic

@: lethally poisoned (-1 -> -7), short of breath, appendage, constricted, very
resistant to hostile enchantments, very unstealthy
A: breathe noxious fumes, unfitting armour, horns 2, stinger 1, poison
resistance, cold-blooded, AC +8
a: Breathe Noxious Fumes, End Transformation, Minor Destruction, Lesser Servant
of Makhleb, Major Destruction, Greater Servant of Makhleb, Renounce Religion


You were on level 1 of the Snake Pit.
You worshipped Makhleb.
Makhleb was exalted by your worship.
You were hungry.
You had grown temporary horns.
You visited 5 branches of the dungeon, and saw 23 of its levels.

You collected 2479 gold pieces.
You spent 737 gold pieces at shops.

Inventory:

Missiles
 a - 627 arrows
 e - 3 throwing nets (quivered)
Armour
 d - a +1 cloak (worn)
 i - a +1 buckler (worn)
 j - a +2 pair of boots (worn)
 l - a +0 pair of gloves
Jewellery
 b - an uncursed ring of see invisible
 h - a +4 ring of intelligence (right hand)
 m - a ring of protection from magic (left hand)
 n - an uncursed ring of positive energy
 q - an uncursed ring of ice
 A - an amulet of magic regeneration (around neck)
 K - a +4 ring of protection
 Q - an uncursed ring of positive energy
 V - an uncursed ring of resist corrosion
Wands
 v - a wand of lightning (5/15)
 z - a wand of flame (23/48)
 G - a wand of iceblast (2/15)
 H - a wand of flame (11/48)
 N - a wand of flame (17/48)
 O - a wand of iceblast (7/15)
 S - a wand of disintegration (6/24)
 W - a wand of enslavement (7/24)
 Z - a wand of iceblast (3/15)
Scrolls
 f - 2 scrolls of recharging
 g - 3 scrolls of fog
 o - a scroll of teleportation
 t - a scroll of immolation
 u - 2 scrolls of summoning
 C - 8 scrolls of remove curse
 F - 3 scrolls of magic mapping
 J - 3 scrolls of fear
 P - 2 scrolls of identify
 R - a scroll of vulnerability
Potions
 w - a potion of magic
 x - a potion of heal wounds
 B - a potion of cancellation
 D - 3 potions of agility
 E - a potion of brilliance
 T - 3 potions of might
 U - a potion of haste
 X - 2 potions of berserk rage
Books
 r - a book of Transfigurations

   Spells                             Type                      Level
   a - Irradiate                      Conjuration/Transmutation    5
   b - Statue Form                    Transmutation/Earth          6
   c - Hydra Form                     Transmutation                6
   d - Dragon Form                    Transmutation                7
Miscellaneous
 M - 2 phantom mirrors
Comestibles
 c - 9 bread rations
 k - 10 meat rations
 p - a beef jerky
 s - 17 fruits
 L - 2 royal jellies


   Skills:
 + Level 11.8 Fighting
 + Level 9.9 Dodging
 - Level 4.0 Shields
 - Level 15.2 Unarmed Combat
 - Level 7.1 Spellcasting
 - Level 11.0 Transmutations
 - Level 3.1 Poison Magic
 - Level 6.0 Invocations
 - Level 5.0 Evocations


You had 14 spell levels left.
You knew the following spells:

 Your Spells              Type           Power        Failure   Level  Hunger
a - Beastly Appendage     Tmut           #####.       1%          1    None
b - Blade Hands           Tmut           #####.....   4%          5    #####..
c - Sticks to Snakes      Tmut           #####...     1%          2    None
d - Summon Butterflies    Summ           #.......     14%         1    None
e - Apportation           Tloc           #.........   14%         1    None
s - Spider Form           Tmut/Pois      ####......   1%          3    ##.....


Dungeon Overview and Level Annotations

Branches:
Dungeon (13/15)            Temple (1/1) D:4            Lair (6/6) D:11
 Shoals (0/4) Lair:4        Snake (1/4) Lair:3        Slime (0/5) Lair:5
    Orc (2/2) D:10            Elf (0/3) Orc:2
 Vaults: D:13-14

Altars:
Ashenzari
Cheibriados
Dithmenos
Elyvilon
Fedhas
Gozag
Hepliaklqana
Kikubaaqudgha
Makhleb
Nemelex Xobeh
Okawaru
Pakellas
Qazlal
Ru
Sif Muna
Trog
Uskayaw
Vehumet
Xom
Yredelemnul
Zin
The Shining One
Beogh

Shops:
D:9 :   D:10 [   Orc:2 *=*[(

Annotations:
D:2 Sigmund
D:13 Azrael
Lair:6 dire elephant vault


Innate Abilities, Weirdness & Mutations

You can breathe blasts of noxious fumes.
Your lurid green scales are hard. (AC +8)
Your body does not fit into most forms of armour.
Your tail ends in a poisonous barb.
Your system is resistant to poisons. (rPois)
You are cold-blooded and may be slowed by cold attacks.
You have a pair of horns on your head.


Message History

The black mamba completely resists.
The black mamba is heavily wounded.
You feel somewhat more hungry. The black mamba bites you!
* * * LOW HITPOINT WARNING * * *
The black mamba bites you!
* * * LOW HITPOINT WARNING * * *
You are poisoned.
The black mamba poisons you!
You feel sick. The black mamba barely misses you.
The salamander is engulfed in noxious fumes.
The salamander appears confused.
You feel sick.
The salamander is engulfed in noxious fumes.
The salamander appears confused.
You feel sick. The black mamba bites you.
* * * LOW HITPOINT WARNING * * *
* * * LOW HITPOINT WARNING * * *
You feel sick. The black mamba completely misses you. The anaconda grabs you.
The anaconda bites you!
You die...

........####.###
#...>.....#..#.##
.........##..#..####
.........#...#.....# ###
.........#.........###..###
#......(.....#..)..#......#
#........#...#...#.#......#
#........#...#####.#......#
##.......#)..#.S@.....#####
###.....#.N...S...####
#######.###......#
.#......##...(##
....N......####
.##......### S.........#
..#.......# ##......#


You could see an anaconda, a black mamba and a naga.

Vanquished Creatures
  An orc warlord (Orc:2)
  Josephine (Orc:1)
  Fannar (Lair:3)
  Erolcha (Orc:1)
  2 hydras
  3 centaur warriors (D:13)
  A death knight (D:10)
  Urug (Orc:1)
  An orc high priest (Orc:2)
  A skeletal warrior (D:10)
  An unseen horror (D:13)
  A phantasmal warrior (D:11)
  3 ugly things
  4 hill giants
  A wolf spider (D:13)
  5 orc knights
  3 deep elf magi
  2 cyclopes
  A manticore (D:11)
  A griffon (Lair:5)
  4 orc sorcerers
  5 black mambas
  A guardian serpent (Snake:1)
  Psyche (D:12)
  2 naga magi (Snake:1)
  A torpor snail (Lair:2)
  A spiny frog (shapeshifter) (D:12)
  A spiny frog (Lair:6)
  A kobold demonologist (D:13)
  3 rime drakes
  4 komodo dragons
  2 freezing wraiths
  2 tengu conjurers (D:13)
  A merfolk (D:8)
  9 trolls
  3 two-headed ogres
  7 blink frogs
  A slime creature (Lair:5)
  3 wyverns
  2 spriggans
  4 wraiths
  48 yaks
  A hog (D:8)
  A fire elemental (D:12)
  A hungry ghost (D:13)
  2 basilisks
  7 hippogriffs
  2 vampire mosquitoes (D:12)
  8 wargs
  Menkaure (D:5)
  5 nagas
  A soldier ant (D:13)
  A hell hound (D:12)
  9 porcupines
  14 water moccasins
  3 sky beasts
  2 wasps
  38 orc warriors
  15 black bears
  3 phantoms
  2 necrophages
  4 ice beasts
  6 wolves
  13 centaurs
  9 ogres
  3 big kobolds
  Blork the orc (D:4)
  8 crocodiles
  4 gnoll sergeants (D:8)
  12 giant frogs
  A wyvern skeleton (D:11)
  9 scorpions
  7 killer bees
  2 howler monkeys (D:10)
  7 wights (D:10)
  5 electric eels
  A centaur zombie (D:6)
  6 crimson imps
  2 quasits
  5 giant frog zombies
  12 jellies
  19 orc wizards
  2 giant frog skeletons
  5 gnoll shamans
  15 orc priests
  7 hounds
  7 iguanas
  4 centaur skeletons
  14 worker ants
  A killer bee zombie (D:7)
  23 sheep
  A giant frog simulacrum (D:13)
  2 hound skeletons (D:10)
  A worker ant zombie (D:10)
  61 gnolls
  19 adders
  62 river rats
  4 shadow imps
  An ooze (D:3)
  2 adder skeletons
  An adder zombie (D:5)
  3 worms
  5 dart slugs
  6 giant geckos
  79 orcs
  3 ball pythons
  14 bats
  5 giant cockroaches
  8 goblins
  9 hobgoblins
  25 jackals
  20 kobolds
  6 quokkas
  9 giant newts
  2 quokka zombies
  20 rats
  4 plants
843 creatures vanquished.

Vanquished Creatures (collateral kills)
  An orc warlord (Orc:1)
  A hydra (Lair:5)
  An orc high priest (Orc:2)
  Nergalle (Orc:2)
  2 orc knights
  An orc sorcerer (Orc:1)
  A deep elf mage (D:12)
  An oklob plant (Lair:4)
  A spiny frog (Lair:5)
  A komodo dragon (Lair:1)
  A troll (Orc:2)
  A slime creature (Lair:5)
  A wraith (Orc:1)
  A yak (D:12)
  A warg (Orc:2)
  5 orc warriors
  A necrophage (D:8)
  An ogre (Orc:2)
  An orc priest (Orc:2)
  2 orc wizards (Orc:2)
  6 orcs
32 creatures vanquished.

Vanquished Creatures (others)
  An unseen horror (D:12)
  A hill giant (D:13)
  A human (D:3)
  20 fungi
  7 plants
30 creatures vanquished.

Grand Total: 905 creatures vanquished

Notes
Turn   | Place    | Note
-------+----------+-------------------------------------------
     0 | D:1      | seren the Draconian Transmuter began the quest for the Orb.
     0 | D:1      | Reached XP level 1. HP: 16/16 MP: 3/3
   273 | D:1      | Reached XP level 2. HP: 22/23 MP: 5/5
   420 | D:1      | Reached skill level 4 in Unarmed Combat
   814 | D:1      | Reached XP level 3. HP: 28/28 MP: 6/6
  1003 | D:2      | Found an oddly glowing altar of Pakellas.
  1335 | D:2      | Noticed Sigmund
  1769 | D:2      | HP: 1/28 [gnoll/halberd (9)]
  1774 | D:2      | Reached XP level 4. HP: 2/35 MP: 7/7
  2078 | D:2      | Reached skill level 5 in Unarmed Combat
  2861 | D:3      | Learned a level 2 spell: Sticks to Snakes
  3112 | D:3      | Found a glowing drain.
  3120 | D:3      | Reached skill level 1 in Shields
  3371 | D:3      | Reached XP level 5. HP: 29/40 MP: 8/8
  3862 | D:3      | Found an ancient bone altar of Kikubaaqudgha.
  3868 | D:3      | Noticed a human
  3869 | D:3      | Killed a human
  4691 | D:2      | Reached XP level 6. HP: 34/47 MP: 9/9
  4930 | D:2      | Found a blossoming altar of Fedhas.
  6289 | D:3      | Your scales start taking on a lurid green colour.
  6289 | D:3      | Reached XP level 7. HP: 52/52 MP: 8/10
  6289 | D:3      | Gained mutation: Your system is resistant to poisons. (rPois) [Green Draconian growth]
  6312 | D:3      | Learned a level 3 spell: Spider Form
  6590 | D:3      | Reached skill level 5 in Transmutations
  7465 | D:3      | Noticed a steam dragon
  8189 | D:4      | Found a shimmering altar of Xom.
  8828 | D:4      | Found an opulent altar of Gozag.
  9091 | D:4      | Reached XP level 8. HP: 63/63 MP: 9/11
  9229 | D:4      | Found a radiant altar of Vehumet.
  9654 | D:4      | Noticed Blork the orc
  9667 | D:4      | Killed Blork the orc
  9781 | D:4      | Found a staircase to the Ecumenical Temple.
  9788 | Temple   | Entered the Ecumenical Temple
  9932 | Temple   | Became a worshipper of Makhleb the Destroyer
 10324 | D:5      | Entered Level 5 of the Dungeon
 10452 | D:5      | Found a shadowy altar of Dithmenos.
 10640 | D:5      | Reached skill level 1 in Poison Magic
 10886 | D:5      | HP: 1/67 [acid (10)]
 11455 | D:5      | Noticed Menkaure
 11469 | D:5      | Killed Menkaure
 11469 | D:5      | Reached skill level 5 in Fighting
 11737 | D:5      | Found an iron altar of Okawaru.
 11746 | D:5      | Found a hide-covered altar of Uskayaw.
 12504 | D:6      | Reached * piety under Makhleb
 12663 | D:6      | Reached XP level 9. HP: 56/75 MP: 12/12
 13375 | D:4      | Reached skill level 6 in Unarmed Combat
 13671 | D:2      | Reached ** piety under Makhleb
 13880 | D:4      | Found a basalt altar of Yredelemnul.
 14424 | D:7      | Found an iron altar of Okawaru.
 14554 | D:7      | Found a snail-covered altar of Cheibriados.
 14704 | D:7      | Reached skill level 7 in Unarmed Combat
 14976 | D:8      | Reached skill level 10 in Unarmed Combat
 14976 | D:8      | Reached XP level 10. HP: 91/91 MP: 13/13
 15280 | D:8      | Learned a level 5 spell: Blade Hands
 15585 | D:8      | Reached *** piety under Makhleb
 15896 | D:8      | Found a radiant altar of Vehumet.
 16392 | D:8      | Reached XP level 11. HP: 93/97 MP: 14/14
 16452 | D:8      | Reached skill level 11 in Unarmed Combat
 16607 | D:8      | Reached **** piety under Makhleb
 18061 | D:9      | Found a glowing silver altar of Zin.
 18718 | D:9      | Reached ***** piety under Makhleb
 18892 | D:9      | Reached skill level 10 in Transmutations
 19193 | D:9      | Found Syppakh's Book Boutique.
 19205 | D:9      | Got a pair of pitted gloves
 19211 | D:9      | Identified the cursed -1 pair of gloves of the Valley {-Tele rElec Int+4 Dex+3} (You found it on level 9 of the Dungeon)
 19256 | D:9      | Upgraded the game from 0.19-a0-1035-gdbfb0c6 to 0.19-a0-1041-g82b1012
 19409 | D:10     | Entered Level 10 of the Dungeon
 19819 | D:10     | Found Qoemniz's Armour Boutique.
 19821 | D:10     | Found a staircase to the Orcish Mines.
 20034 | D:10     | Noticed a hill giant
 20045 | D:10     | Killed a hill giant
 20332 | D:11     | Noticed a deep elf mage
 20361 | D:11     | Killed a deep elf mage
 20713 | D:11     | Found a staircase to the Lair.
 20727 | D:11     | Reached skill level 5 in Spellcasting
 20815 | D:11     | Reached XP level 12. HP: 97/104 MP: 14/19
 21040 | D:11     | Reached ****** piety under Makhleb
 21083 | D:11     | Noticed a death knight
 21480 | D:11     | Reached skill level 1 in Invocations
 22331 | D:10     | Reached skill level 5 in Invocations
 22395 | Lair:1   | Entered Level 1 of the Lair of Beasts
 22839 | Lair:1   | Reached skill level 1 in Evocations
 24129 | Lair:2   | Reached skill level 5 in Evocations
 25177 | Lair:3   | Noticed Fannar
 25195 | Lair:3   | Killed Fannar
 25607 | Lair:3   | Reached XP level 13. HP: 83/111 MP: 23/23
 25755 | Lair:3   | Found a staircase to the Snake Pit.
 26607 | Lair:4   | Found a staircase to the Shoals.
 28208 | Lair:5   | Reached skill level 10 in Fighting
 28218 | Lair:5   | Found a staircase to the Slime Pits.
 29254 | Lair:6   | Entered Level 6 of the Lair of Beasts
 29959 | Lair:6   | Learned a level 1 spell: Summon Butterflies
 31165 | D:10     | Reached skill level 12 in Unarmed Combat
 31391 | Orc:1    | Entered Level 1 of the Orcish Mines
 31581 | Orc:1    | Noticed Urug
 31743 | Orc:1    | Killed Urug
 31878 | Orc:1    | Noticed Erolcha
 31927 | Orc:1    | Killed Erolcha
 31997 | Orc:1    | Noticed Josephine
 32022 | Orc:1    | Killed Josephine
 32247 | Orc:1    | Noticed an orc warlord
 32268 | Orc:1    | Killed an orc warlord
 32268 | Orc:1    | Reached skill level 13 in Unarmed Combat
 32354 | Orc:1    | Found a roughly hewn altar of Beogh.
 32624 | Orc:2    | Entered Level 2 of the Orcish Mines
 32921 | Orc:2    | Found Weyxih's Whimsical Warehouse.
 33634 | Orc:1    | Gained mutation: Your tail ends in a poisonous barb. [Green Draconian growth]
 33634 | Orc:1    | Reached XP level 14. HP: 124/124 MP: 20/24
 35178 | Orc:2    | Noticed Nergalle
 35244 | Orc:2    | Killed Nergalle
 35244 | Orc:2    | Reached skill level 14 in Unarmed Combat
 35377 | Orc:2    | Noticed an orc warlord
 35816 | Orc:2    | Killed an orc warlord
 35881 | Orc:2    | Found a roughly hewn altar of Beogh.
 35963 | Orc:2    | Found Pummenk's Jewellery Shoppe.
 35969 | Orc:2    | Found Abrur's Antique Weapon Shoppe.
 36054 | Orc:2    | Found Baihixoo's Antique Armour Shoppe.
 36071 | Orc:2    | Found Koobriex's General Store.
 36083 | Orc:2    | Bought a scroll of fog for 28 gold pieces
 36083 | Orc:2    | Bought a scroll of magic mapping for 49 gold pieces
 36136 | Orc:2    | Found a staircase to the Elven Halls.
 36858 | D:9      | Bought a book of Transfigurations for 660 gold pieces
 36983 | D:12     | Found Haakkol's Antique Armour Shop.
 37208 | D:12     | Noticed Psyche
 37219 | D:12     | Killed Psyche
 37266 | D:12     | Reached skill level 15 in Unarmed Combat
 37530 | D:12     | Learned a level 1 spell: Apportation
 38700 | D:13     | Noticed Azrael
 40038 | Snake:1  | Entered Level 1 of the Snake Pit
 40451 | Snake:1  | HP: 6/125 [black mamba (4)]
 40452 | Snake:1  | Slain by an anaconda

Vault maps used:
D:1:      dpeg_arrival_stonehenge_8_columns, hex_large, serial_bayou_lagoon_a
D:2:      nicolae_overflow_crystal_walls, grunt_pakellas_basics, uniq_sigmund
D:3:      lemuel_castle_with_subvaults, portal_sewer_entry_a, tgw_kikubaaqudgha
D:4:      minmay_opposing_rooms, xom_teletrap_fun, grunt_gozag_statues,
          kennysheep_mini_moat, vehumet_altar_wand_db, first_bread,
          feat_on_display, uniq_blork_the_orc
D:5:      amethyst_overflow_temple_binary, basic_altar, uniq_menkaure
D:7:      basic_altar, cheibriados_altar_1
D:8:      kennysheep_town
D:9:      overflow_temple_1_default, serial_shops, shop
D:10:     orc_david_3
D:11:     grunt_lair_entry_orc_guard_hut
D:12:     serial_shops, shop, hangedman_stone_soup, uniq_psyche
D:13:     minmay_evil_grid, uniq_azrael
Temple:   oiseaux_autumnal_temple
Lair:1:   grunt_forest_large_clearings
Lair:2:   guppyfry_lair_drakes
Lair:3:   guppyfry_snake_entry_garden, patterned_corridor, uniq_fannar
Lair:4:   dpeg_oklob_gauntlet, shoals_dummy_entry, minmay_holes,
          grunt_megastairs_2
Lair:5:   minmay_slime_entry_pillars, st_stairs_8
Lair:6:   due_jungle_book
Snake:1:  spider_trap
Orc:1:    basic_altar, uniq_urug, uniq_erolcha, uniq_josephine
Orc:2:    grunt_orc_cross, nicolae_alphabet_shops, nooodl_orcs_dogs

Skill      XL: |  1  2  3  4  5  6  7  8  9 10 11 12 13 14 |
---------------+-------------------------------------------+-----
Unarmed Combat | 4 5 10 11 13 15 | 15.2
Shields        | 1 3 4 |  4.0
Transmutations | 4 5 6 7 11 | 11.0
Dodging        | 3 4 7 8 9 |  9.9
Fighting       | 3 5 9 11 | 11.8
Poison Magic   | 3 |  3.1
Spellcasting   | 5 7 |  7.1
Invocations    | 6 |  6.0
Evocations     | 5 |  5.0

Action                   |  1- 3 |  4- 6 |  7- 9 | 10-12 | 13-15 || total
-------------------------+-------+-------+-------+-------+-------++-------
Melee: Unarmed           |   142 |   414 |   837 |  1046 |  1282 ||  3721
       Kick              |     4 |       |       |       |       ||     4
       Tailslap          |    12 |    45 |   104 |   177 |   209 ||   547
       Headbutt          |     7 |     7 |    12 |    89 |    67 ||   182
       Punch             |       |       |       |    12 |     6 ||    18
Throw: Stone             |       |    15 |       |       |       ||    15
 Cast: Beastly Appendage |     6 |     7 |     8 |    42 |    27 ||    90
       Sticks to Snakes  |       |     1 |     6 |     6 |     6 ||    19
       Blade Hands       |       |       |       |    18 |    26 ||    44
       Spider Form       |       |       |       |       |     2 ||     2
       Apportation       |       |       |       |       |     4 ||     4
Invok: Lesser Servant of |       |       |       |     4 |    39 ||    43
       Minor Destruction |       |       |       |       |    51 ||    51
 Abil: Breathe Noxious F |       |       |    28 |    45 |    51 ||   124
       End Transformatio |       |       |       |       |     1 ||     1
Evoke: Wand              |       |       |    13 |     9 |     9 ||    31
  Use: Scroll            |       |     7 |     9 |    19 |    10 ||    45
       Potion            |       |     2 |     3 |       |     4 ||     9
 Stab: Confused          |       |       |    24 |    35 |    28 ||    87
       Sleeping          |       |       |       |     2 |     2 ||     4
       Distracted        |       |       |       |     3 |     5 ||     8
       Fleeing           |       |       |       |     1 |       ||     1
  Eat: Chunk             |     3 |    11 |    30 |    44 |    52 ||   140
       Bread ration      |       |     1 |       |     1 |       ||     2
       Fruit             |       |       |     2 |     1 |    12 ||    15
       Royal jelly       |       |       |     1 |       |     2 ||     3
Armor: Skin              |    40 |   105 |   160 |   162 |   184 ||   651
Dodge: Dodged            |    78 |   196 |   364 |   556 |   782 ||  1976
Block: Buckler           |     9 |    60 |   147 |   180 |   232 ||   628
